Cogmind - Beta 16 @@@ ROGUE MODE // 2025.10.22 @ 23:25:47 Player: the Result: Destroyed by DAS Turret with DAS Cannon Performance ------------- Evolutions (1) 500 Regions Visited (5) 1000 Robots Destroyed (68) 340 Value Destroyed (1548) 1548 Prototype IDs (23) 460 Alien Tech Used (0) 0 Bonus (300) 300 TOTAL SCORE: 4148 Bonus ------- Aligned with FarCom 300 Cogmind --------- Core Integrity 0/400 Matter 123/300 Energy 290/310 System Corruption 0% Temperature Cool (1) Movement Treading (240) Ox1 Location -9/Exiles Parts ------- > --- POWER (1) -------- Reinforced Fission Core > --- PROPULSION (3) --- Improved Treads Improved Treads Improved Treads > --- UTILITY (2) ------ High-capacity Storage Unit Medium Armor Plating > --- WEAPON (3) ------- Improved Assault Rifle Improved Assault Rifle Rocket Launcher > --- INVENTORY (20) --- Improved Ion Engine Advanced Myomer Leg Cooling System High-capacity Storage Unit Experimental Sensor Array Experimental Targeting Computer Advanced Weapon Cycler Medium Armor Plating Recalibrator Advanced Beam Cannon Advanced Beam Cannon Advanced Beam Cannon Heavy Assault Rifle Heavy Assault Rifle Improved Assault Rifle 8R-AWN's Boregun 8R-AWN's Boregun Improved Datajack Mining Laser Peak State ------------ > --- POWER ------------ Reinforced Fission Core > --- PROPULSION ------- Improved Treads Improved Treads Improved Treads > --- UTILITY ---------- High-capacity Storage Unit Medium Armor Plating > --- WEAPON ----------- Improved Assault Rifle Improved Assault Rifle Improved Assault Rifle > --- INVENTORY -------- Improved Ion Engine Advanced Myomer Leg Cooling System High-capacity Storage Unit Experimental Sensor Array Experimental Targeting Computer Advanced Weapon Cycler Medium Armor Plating Recalibrator Advanced Beam Cannon Advanced Beam Cannon Advanced Beam Cannon Heavy Assault Rifle Heavy Assault Rifle 8R-AWN's Boregun 8R-AWN's Boregun Rocket Launcher Improved Datajack [Rating: 32] Favorites ----------- Power Improved Ion Engine Engine Improved Ion Engine Power Core Reinforced Fission Core Propulsion Light Treads Treads Light Treads Leg Aluminum Leg Utility High-capacity Storage Unit Device Seismic Detector Storage High-capacity Storage Unit Processor Signal Interpreter Hackware Hacking Suite Protection Medium Armor Plating Weapon Advanced Beam Cannon Energy Gun Improved Medium Laser Energy Cannon Advanced Beam Cannon Ballistic Gun Improved Assault Rifle Ballistic Cannon Light Cannon Launcher Grenade Launcher Special Weapon Mining Laser Special Melee Weapon Improved Datajack Build | -11 -10 -10 -9 -9 -9 ------- Run | Yrd Mat Min Mat Min Exi Slots Evolved 2 | . . . 2 . . Power . | . . . . . . Propulsion 1 | . . . 1 . . Utility . | . . . . . . Weapon 1 | . . . 1 . . Parts Attached 66 | 10 13 3 28 . 12 Power 4 | 1 2 . . . 1 Engine 3 | 1 2 . . . . Core 1 | . . . . . 1 Reactor . | . . . . . . Propulsion 18 | 4 . . 11 . 3 Treads 16 | 2 . . 11 . 3 Leg 2 | 2 . . . . . Wheel . | . . . . . . Hover . | . . . . . . Flight . | . . . . . . Utility 16 | 3 5 2 3 . 3 Device 5 | 2 . 2 1 . . Storage 5 | 1 3 . . . 1 Processor 1 | . 1 . . . . Hackware 1 | . . . 1 . . Protection 4 | . 1 . 1 . 2 Artifact . | . . . . . . Weapon 28 | 2 6 1 14 . 5 Energy Gun 10 | 2 . . 8 . . Energy Cannon 6 | . 2 . 4 . . Ballistic Gun 6 | . 1 . 1 . 4 Ballistic Cannon 1 | . . 1 . . . Launcher 2 | . 1 . 1 . . Special Weapon 1 | . 1 . . . . Impact Weapon . | . . . . . . Slashing Weapon . | . . . . . . Piercing Weapon . | . . . . . . Special Melee Weapon 2 | . 1 . . . 1 Unidentified Prototypes 4 | . . 1 3 . . Parts Lost 7 | . 1 . . . 6 Power 1 | . . . . . 1 Propulsion 3 | . . . . . 3 Utility 1 | . . . . . 1 Weapon 2 | . 1 . . . 1 Highest Loss Streak 6 | . 1 . . . 6 To Critical Strikes 4 | . . . . . 4 Average Backups 17 | 1 12 19 19 20 18 Power 1 | . 1 2 1 1 1 Propulsion 1 | . . . 3 3 2 Utility 5 | . 3 5 6 7 5 Weapon 7 | . 5 9 6 8 7 Tool/Special . | . . . . . . Unused Backups 32 | . 3 1 13 . 15 Power 7 | . 2 . 1 . 4 Propulsion 1 | . . . . . 1 Utility 8 | . . . 3 . 5 Weapon 15 | . 1 1 8 . 5 Tool/Special 1 | . . . 1 . . Average Slot Usage (%) 99 | . 100 100 99 100 99 Engine 12 | . 14 14 11 11 10 Treads 28 | . 16 28 32 33 32 Leg 2 | . 11 . . . . Device 10 | . 13 14 10 7 5 Storage 12 | . 14 14 11 11 11 Protection 1 | . . . . 3 5 Energy Gun 5 | . 7 . 14 . . Energy Cannon 17 | . 15 14 17 33 21 Ballistic Gun 2 | . . . . . 8 Ballistic Cannon 1 | . . 3 . . . Launcher 2 | . . 10 . . . Special Weapon 1 | . 4 . . . . Peak Build Rating 32 | 7 10 18 21 22 32 Average Rating 14 | 4 8 10 17 21 21 On Entrance 11 | . 7 10 11 21 21 Avg Prop Armor Cover (%) . | . . . . . . Naked Turns . | . . . . . . Heaviest Build 78 | 14 54 54 66 60 78 Greatest Support 69 | 40 40 40 60 60 69 Greatest Overweight (x) 4 | 4 1 1 1 . 1 Average Overweight (x) . | . . 1 . . . Largest Inventory Capacity 20 | 8 20 20 20 20 20 Average Capacity 18 | 6 14 20 20 20 20 Most Carried 20 | 6 19 20 20 20 20 Average Carried 17 | 1 12 19 19 20 18 Final Capacity 20 | 8 20 20 20 20 20 Final Carried 20 | 6 18 20 20 20 19 Class Distribution -------------------- 52% | Mutant 23% | Scavenger-Gunner 15% | Gunner 8% | Tank Dominant Class ---------------- Mutant | -10/Materials Mutant | -10/Mines Gunner | -9/Materials Scavenger-Gunner | -9/Mines Scavenger-Gunner | -9/Exiles Resources | -11 -10 -10 -9 -9 -9 ----------- Run | Yrd Mat Min Mat Min Exi Matter Collected 1343 | 300 145 105 454 . 339 Remotely . | . . . . . . Salvage Created 2707 | 214 607 26 1708 . 152 Parts 140 | 15 30 4 85 . 6 Haulers Intercepted 8 | . 2 . 6 . . Recyclers Shooed . | . . . . . . Parts Field Recycled . | . . . . . . Retrieved Matter . | . . . . . . Parts Self-Destructed . | . . . . . . Prevented . | . . . . . . Parts Restored . | . . . . . . Kills | -11 -10 -10 -9 -9 -9 ------- Run | Yrd Mat Min Mat Min Exi Combat Hostiles Destroyed 44 | . 9 3 25 . 7 Guns 19 | . 2 . 12 . 5 Cannons 18 | . 6 . 12 . . AOE 5 | . . 3 . . 2 Classes Destroyed 12 | 2 7 . 2 . 1 Worker 3 | . 1 . 2 . . Tunneler 6 | 6 . . . . . Hauler 8 | . 2 . 6 . . Recycler 4 | 1 1 . 2 . . Mechanic 1 | . 1 . . . . Operator 2 | . 1 . 1 . . Watcher 6 | . 2 . 4 . . Swarmer 6 | . 3 3 . . . Grunt 20 | . 6 . 14 . . Brawler 1 | . . . 1 . . Sentry 10 | . . . 10 . . Assembled 6 | . . . . . 6 Best Kill Streak 6 | 4 4 3 6 . 5 Combat Bots Only 6 | . 3 3 6 . 5 Max Kills in Single Turn 2 | 1 1 2 2 . 2 Gunslinging 1 | . . . 1 . . Exploded 2 | . . 2 . . 2 Melee . | . . . . . . Uniques/NPCs Destroyed 1 | . . . . . 1 8R-AWN (-9/Exiles) Combat | -11 -10 -10 -9 -9 -9 -------- Run | Yrd Mat Min Mat Min Exi Hostile Shots Fired 189 | . 35 5 70 . 79 Missed 43 | . 3 1 24 . 15 Hits 146 | . 32 4 46 . 64 Melee 6 | . . . . . 6 Projectile 140 | . 32 4 46 . 58 Critical Strikes 30 | . 1 . 2 . 27 Damage Taken 2276 | . 351 87 588 . 1250 Core 518 | . 80 17 95 . 326 Absorbed by Shields . | . . . . . . Core Remaining (%) 80 | 100 . 61 . . . Volleys Fired 188 | 18 57 4 74 . 35 Largest 3 | 2 2 1 3 . 3 Hottest 204 | 90 120 30 204 . 69 Shots Fired 445 | 36 107 4 205 . 93 Gun 272 | 36 47 . 101 . 88 Cannon 151 | . 53 2 96 . . Launcher 7 | . . 2 . . 5 Special 15 | . 7 . 8 . . Kinetic 96 | . . 2 6 . 88 Thermal 342 | 36 107 . 199 . . Explosive 7 | . . 2 . . 5 Electromagnetic . | . . . . . . Robot Hit Streak 16 | 11 12 . 16 . 12 Robot Miss Streak 7 | 2 7 . 4 . 3 Penetration Max . | . . . . . . Secondary Targets 4 | . . . 3 . 1 Max Gunslinging Chain 1 | . . . 1 . 1 Shots Hit Robots 276 | 22 61 . 124 . 69 Core Hits 116 | 8 21 3 58 . 26 Critical Kills 2 | . 1 . 1 . . Critical Parts Destroyed . | . . . . . . Critical Strikes 10 | 2 2 . 6 . . Burn 8 | 2 1 . 5 . . Meltdown 2 | . 1 . 1 . . Melee Attacks 9 | . 5 . . . 4 Impact . | . . . . . . Slashing . | . . . . . . Piercing . | . . . . . . Sneak Attacks 9 | . 5 . . . 4 Combat Hostiles . | . . . . . . Follow-up Attacks . | . . . . . . Damage Inflicted 5102 | 265 895 140 2558 . 1244 Guns 2640 | 265 312 . 1105 . 958 Cannons 1778 | . 560 . 1218 . . Explosions 419 | . . 133 . . 286 Melee . | . . . . . . Ramming 265 | . 23 7 235 . . Kinetic 1024 | . . . 66 . 958 Thermal 3394 | 265 872 . 2257 . . Explosive 419 | . . 133 . . 286 Electromagnetic . | . . . . . . Impact . | . . . . . . Slashing . | . . . . . . Piercing . | . . . . . . Highest Corruption . | . . . . . . Average Corruption . | . . . . . . Corruption Purged . | . . . . . . Corruption Blocked . | . . . . . . Overload Shots . | . . . . . . Overflow Damage 22 | . 14 . 8 . . Projectiles 22 | . 14 . 8 . . Explosions . | . . . . . . Melee . | . . . . . . Knockbacks 2 | . . . 2 . . Impact 2 | . . . 2 . . Kinetic . | . . . . . . Secondary . | . . . . . . Self-Inflicted Damage 103 | . . 54 . . 49 Shots 3 | . . 2 . . 1 Rammed 22 | . 3 3 16 . . Targets Rammed 24 | . 4 3 17 . . Kicked 1 | . 1 . . . . Crushed 1 | . . . 1 . . Highest Temperature 472 | 165 336 . 472 . 48 Average Temperature 105 | 62 93 . 127 . 16 Received Heat Transfer 481 | . 138 . 303 . 40 Effects 2 | . . . 2 . . Energy Bleed 2 | . . . 2 . . Siege Activations . | . . . . . . Martial Activations . | . . . . . . Shielding Activations . | . . . . . . Robots Disrupted . | . . . . . . Combat Hostiles . | . . . . . . Robots Corrupted . | . . . . . . Combat Hostiles . | . . . . . . Parts Fried . | . . . . . . Impact Corruptions . | . . . . . . Robots Melted 2 | . 1 . 1 . . Combat Hostiles 2 | . 1 . 1 . . Parts Melted 30 | 4 6 . 20 . . Heat Transferred 8082 | 866 2183 . 5033 . . Parts Sabotaged . | . . . . . . Parts Stolen . | . . . . . . Parts Stripped . | . . . . . . Power Chain Reactions . | . . . . . . Alert | -11 -10 -10 -9 -9 -9 ------- Run | Yrd Mat Min Mat Min Exi Maximum Alert Level 1 | . . . 1 . . Low Security (%) 92 | 100 100 100 79 100 . Level 1 7 | . . . 20 . . Level 2 . | . . . . . . Level 3 . | . . . . . . Level 4 . | . . . . . . Level 5 . | . . . . . . High Security . | . . . . . . Max Security . | . . . . . . Peak Influence 263 | 10 84 109 263 93 . Initial 93 | . . . . 93 . Average 47 | 1 16 7 109 83 . Influence Increases 1316 | 35 304 140 837 . . Destroy 0b10 Robot/C 740 | . 180 60 500 . . Destroy 0b10 Robot/NC 150 | 35 40 . 75 . . Destroy Leader 228 | . 38 10 180 . . Successful Hack 52 | . 24 . 28 . . Disable Machine 45 | . . 45 . . . Destroy Structure 41 | . 7 25 9 . . Partial Spotted 30 | . . . 30 . . Lose Combat Pursuer 30 | . 15 . 15 . . Influence Decreases 1316 | 35 304 140 598 166 73 Entered New Map 219 | . . . . 146 73 Time Decay 1063 | 35 270 140 598 20 . Purge Threat 34 | . 34 . . . . Squads Dispatched 2 | . . . 2 . . Investigation . | . . . . . . Extermination . | . . . . . . Reinforcement 2 | . . . 2 . . Assault . | . . . . . . Garrison . | . . . . . . Intercept . | . . . . . . Searches Triggered . | . . . . . . Construction Impeded . | . . . . . . Haulers Reinforced . | . . . . . . Active Scanning Responses . | . . . . . . Cargo Convoy Interrupts . | . . . . . . Stealth | -11 -10 -10 -9 -9 -9 --------- Run | Yrd Mat Min Mat Min Exi Distress Signals 3 | . . . 3 . . Communications Jammed . | . . . . . . Distress Signals . | . . . . . . Times Spotted 67 | . 20 3 35 . 9 Peak Tracking Total 9 | . 4 3 4 . 9 Tactical Retreats 3 | . 1 . 1 . 1 Traps | -11 -10 -10 -9 -9 -9 ------- Run | Yrd Mat Min Mat Min Exi Traps Triggered . | . . . . . . Indirectly . | . . . . . . Trap Hack Attempts . | . . . . . . Triggered . | . . . . . . Disarmed . | . . . . . . Reprogrammed . | . . . . . . Reused . | . . . . . . Traps Extracted . | . . . . . . Installed . | . . . . . . Triggered . | . . . . . . Machines | -11 -10 -10 -9 -9 -9 ---------- Run | Yrd Mat Min Mat Min Exi Machines Disabled 10 | . . 3 . . 7 Max in Single Turn 2 | . . 2 . . 2 Machines Repaired . | . . . . . . Machines Dismantled . | . . . . . . Machines Sabotaged . | . . . . . . Overloaded Fab Kills . | . . . . . . Hacking | -11 -10 -10 -9 -9 -9 --------- Run | Yrd Mat Min Mat Min Exi Machines Accessed 19 | . 10 . 8 . 1 Terminals 14 | . 8 . 6 . . Fabricators . | . . . . . . Repair Stations . | . . . . . . Recycling Units 3 | . 2 . 1 . . Scanalyzers 1 | . . . 1 . . Garrison Access . | . . . . . . Total Hacks 42 | . 21 . 20 . 1 Successful 21 | . 11 . 9 . 1 Failed 19 | . 9 . 10 . . Catastrophic 3 | . 1 . 2 . . Database Lockouts 2 | . 1 . 1 . . Manual 13 | . 8 . 5 . . Terminals 37 | . 19 . 18 . . Fabricators . | . . . . . . Repair Stations . | . . . . . . Recycling Units 3 | . 2 . 1 . . Scanalyzers 1 | . . . 1 . . Garrison Access . | . . . . . . Terminal Hacks 19 | . 9 . 9 . 1 Record 1 | . . . . . 1 Robot Analysis 3 | . 1 . 2 . . Prototype ID Bank 4 | . 3 . 1 . . Terminal Index 1 | . . . 1 . . Unreport Threat 1 | . 1 . . . . Locate Traps 3 | . 1 . 2 . . Hauler Manifests 1 | . 1 . . . . Registered Components 2 | . 1 . 1 . . Zone Layout 3 | . 1 . 2 . . Fabricator Hacks . | . . . . . . Repair Station Hacks . | . . . . . . Recycling Unit Hacks 2 | . 2 . . . . Retrieve Components 2 | . 2 . . . . Scanalyzer . | . . . . . . Garrison Access Hacks . | . . . . . . Unauthorized Hacks . | . . . . . . Terminals . | . . . . . . Fabricators . | . . . . . . Repair Stations . | . . . . . . Recycling Units . | . . . . . . Scanalyzers . | . . . . . . Garrison Access . | . . . . . . Data Cores Recovered 1 | . 1 . . . . Used 1 | . 1 . . . . Hacking Detections 13 | . 7 . 6 . . Full Trace Events . | . . . . . . Feedback Events . | . . . . . . Feedback Blocked . | . . . . . . Robot Schematics Acquired . | . . . . . . Robots Built . | . . . . . . Authchips . | . . . . . . Time . | . . . . . . Total Robot Build Rating . | . . . . . . Part Schematics Acquired . | . . . . . . Parts Built . | . . . . . . Authchips . | . . . . . . Time . | . . . . . . Total Part Build Rating . | . . . . . . Part Studies Acquired . | . . . . . . Parts Repaired . | . . . . . . Time . | . . . . . . Parts Recycled . | . . . . . . Recycled Matter . | . . . . . . Retrieved Matter . | . . . . . . Retrieved Components 12 | . 12 . . . . Parts Scanalyzed . | . . . . . . Part Schematics Acquired . | . . . . . . Parts Damaged . | . . . . . . Bothacking | -11 -10 -10 -9 -9 -9 ------------ Run | Yrd Mat Min Mat Min Exi Used RIF Installer . | . . . . . . Robots Hacked 6 | . 2 . . . 4 Non-combat 5 | . 2 . . . 3 Combat 1 | . . . . . 1 Robot Hacks Applied 7 | . 3 . . . 4 parse_system 5 | . 1 . . . 4 find_recycling 2 | . 2 . . . . Relay Couplers Released . | . . . . . . Fabnet Peak Effective % . | . . . . . . Robots Rewired . | . . . . . . Allies Hacked . | . . . . . . Hacks Repelled . | . . . . . . Allies | -11 -10 -10 -9 -9 -9 -------- Run | Yrd Mat Min Mat Min Exi Total Allies . | . . . . . . Largest Group . | . . . . . . Highest-Rated Group . | . . . . . . Highest-Rated Ally . | . . . . . . Total Orders . | . . . . . . Ally Attacks . | . . . . . . Total Damage . | . . . . . . Kills . | . . . . . . Allies Corrupted . | . . . . . . Allies Melted . | . . . . . . Intel | -11 -10 -10 -9 -9 -9 ------- Run | Yrd Mat Min Mat Min Exi Active Infowar (turns) 6809 | 173 1680 1779 2077 54 1046 Sensors 2 | . . 2 . . . Seismic 6807 | 173 1680 1777 2077 54 1046 Robot Analysis Total 3 | . 1 . 2 . . Derelict Logs Recovered 2 | . . 2 . . . Drone Launches . | . . . . . . Drone Recoveries . | . . . . . . Exploration | -11 -10 -10 -9 -9 -9 ------------- Run | Yrd Mat Min Mat Min Exi Turns Passed 8410 | 262 1805 1779 2221 56 2287 Spaces Moved 3967 | 132 872 730 1089 34 1110 Core 43 | 43 . . . . . Treads 3463 | 56 444 730 1089 34 1110 Legs 461 | 33 428 . . . . Wheels . | . . . . . . Hover . | . . . . . . Flight . | . . . . . . Fastest Speed 50 | 50 120 240 160 160 160 Average Speed 184 | 120 168 240 161 160 192 Slowest Speed 250 | 250 240 240 240 160 240 Overloaded Moves . | . . . . . . Propulsion Burnouts . | . . . . . . Robots Hopped . | . . . . . . Potential Cave-ins . | . . . . . . Cave-ins Triggered . | . . . . . . Exploration Rate (%) 64 | 4 98 96 97 9 84 Regions Visited 5 Branch Regions 3 Pre-discovered Areas 2 | . . 1 . . 1 Known Exits Taken 2 | . 1 1 . . . Unknown Exits Taken 3 | 1 . . 1 1 . Scrap Searched 2 | . . 2 . . . Spaces Dug 10 | . 6 . 4 . . Terrain Destroyed 57 | . 7 29 7 . 14 Melee . | . . . . . . Projectile 14 | . 7 . 7 . . AOE 43 | . . 29 . . 14 Terrain Rammed . | . . . . . . Walls Destroyed . | . . . . . . Machines Disabled . | . . . . . . Actions | -11 -10 -10 -9 -9 -9 --------- Run | Yrd Mat Min Mat Min Exi Total 4640 | 196 1082 749 1384 35 1194 Wait 215 | 30 94 3 82 . 6 Move 3962 | 131 871 729 1088 33 1110 Hop . | . . . . . . Pick Up 70 | 4 20 3 30 . 13 Fast Attach 19 | 9 1 . 7 . 2 Attach 11 | 1 4 . 1 . 5 Detach 5 | 3 1 . 1 . . Swap 70 | . 14 5 40 2 9 Drop 67 | . 11 2 44 . 10 Fire 188 | 18 57 4 74 . 35 Melee 9 | . 5 . . . 4 Ram . | . . . . . . Kick 1 | . 1 . . . . Crush 23 | . 3 3 17 . . Escape Stasis . | . . . . . . Rewire . | . . . . . . Trap . | . . . . . . Miscellaneous . | . . . . . . Route ------- -11/Scrapyard -10/Materials (discovered 6 exits: *Mat x3 / *Min x2 / [*Sub]) -10/Mines (discovered 3 exits: *Mat x2 / [*Sub]) -9/Materials (discovered 5 exits: [*Mat x3] / [*Min x2]) -9/Mines -9/Exiles (discovered 1 exit: [*Min]) History --------- Turn | Location | Event 5 | -11/Scrapyard | Discovered new exit (range 16) 263 | -11/Scrapyard | Entered Materials 306 | -10/Materials | Build established: Mutant 326 | -10/Materials | Discovered new exit (range 8) 407 | -10/Materials | Discovered new exit (range 14) 939 | -10/Materials | Discovered new exit (range 13) 1152 | -10/Materials | Discovered new exit (range 8) 1518 | -10/Materials | Discovered new exit (range 13) 1608 | -10/Materials | Central database locked down 1663 | -10/Materials | Discovered new exit (range 16) 1945 | -10/Materials | Identified exit to Materials 2048 | -10/Materials | Identified exit to Mines 2068 | -10/Materials | Entered Mines 2239 | -10/Mines | Discovered exit to Materials (range 10) 2349 | -10/Mines | Found a damaged Exp. Sensor Array with a note attached 2353 | -10/Mines | Found Prototype Device 2353 | -10/Mines | Identified Exp. Sensor Array 2449 | -10/Mines | Discovered exit to Materials (range 5) 2650 | -10/Mines | Learned Materials emergency access door positions 3126 | -10/Mines | Learned location of Zion (-6) 3316 | -10/Mines | Received a Rocket Launcher from a helpful Derelict 3544 | -10/Mines | Discovered new exit (range 6) 3847 | -10/Mines | Entered Materials 3847 | -9/Materials | Evolved 2 slots: Propulsion x1, Weapon x1 3892 | -9/Materials | Discovered new exit (range 11) 4149 | -9/Materials | Build established: Gunner 4387 | -9/Materials | Central database locked down 4559 | -9/Materials | Discovered new exit (range 16) 4877 | -9/Materials | Discovered new exit (range 15) 5362 | -9/Materials | Discovered new exit (range 16) 5461 | -9/Materials | Build established: Scavenger-Gunner 5957 | -9/Materials | Discovered new exit (range 5) 6068 | -9/Materials | Entered Mines 6084 | -9/Mines | Deemed a non-threat by the Exiles lab entrance 6118 | -9/Mines | Discovered new exit (range 5) 6124 | -9/Mines | Entered Exiles 6150 | -9/Exiles | Discovered new exit (range 15) 6190 | -9/Exiles | Met 8R-AWN 6212 | -9/Exiles | Met EX-HEX 6276 | -9/Exiles | Met EX-DEC 6655 | -9/Exiles | Visited The Gauntlet 6827 | -9/Exiles | Met EX-BIN 7019 | -9/Exiles | Aligned with FarCom system 7020 | -9/Exiles | Given EX-Vault access code 7516 | -9/Exiles | Build established: Mutant 8097 | -9/Exiles | Build established: Tank 8125 | -9/Exiles | Attacked by the Exiles 8248 | -9/Exiles | Core integrity fell below 50% 8268 | -9/Exiles | Core integrity fell below 20% 8278 | -9/Exiles | Destroyed 8R-AWN 8283 | -9/Exiles | Found 8R-AWN's Boregun 8286 | -9/Exiles | Found Exp. Targeting Computer 8297 | -9/Exiles | Found 8R-AWN's Boregun 8305 | -9/Exiles | Lost 6 parts (1p3n1u1w) 8411 | -9/Exiles | Destroyed by DAS Turret with DAS Cannon Last Messages --------------- 08270_ Penetrated by HV Slug. 08274_ Critical hit (Destroy). 08274_ Lgt. Treads destroyed. 08274_ Penetrated by HV Slug. 08278_ 8R-AWN destroyed. 08283_ Acquired 8R-AWN's Boregun. 08286_ Acquired Exp. Targeting Computer. 08288_ Acquired Adv. Weapon Cycler. 08289_ Acquired 102 matter. 08294_ Acquired Rnf. Fission Core. 08297_ Acquired 8R-AWN's Boregun. 08301_ Acquired Adv. Myomer Leg. 08302_ Acquired 11 matter. 08304_ Acquired 5 matter. 08319_ Acquired Mining Laser. 08346_ Acquired 5 matter. 08363_ as-81375 destroyed. 08369_ Acquired 12 matter. 08409_ Imp. Treads blasted off. 08411_ Acquired Imp. Treads. Map ----- +----------------------------------------------------+ | ?????????????????????????????????????#""X" | | ?????????????????????????????????????#" | | ?????????????????????????????????????#" ## | | ?????????????????????????????????????#""""""?# | | ???????????????????????????????????????"###??# | | ?????????????????????????????????????????????# | | ?????????????????????????????????????????????# | | ????????????????????????????????????????????## | | ????????????#######?????????????????????????#" | | #####???????#!!! #?????????????????????????#" | | #""#??????# "#?????????????????????????#" | | ??????# "#?????????????????????????#" | | #????## "#???????????#######???????#" | | #####" ""#??????????? """#???????#" | | ##" "#??????????#"" """#???????## | | # " ###??????????#"" #????????# | | ?# #????????????#"" #????????#" | | ????# ##???????????#"" "#????????#" | | ???#### * "###?????????# ""#????????#" | | #### ;"#?????????#"" ""????????##" | | """ ####????????# #????????##"" | | ##" ;;####???### ###?######"" | | ### """#####X# #"###""""""" | | !! "#?# % """""" " "" | | !"" #?#"# " """ " | | #### " #?#### @ " " | | ?? # ## #????### | | ?### ## #??????### | | ??# #####????????## | | ?# # #?????????????## | | # ### ##??????????????# | | ##?? ????????????????# """""" | | ???# #????????????????# ######"" | | ??? ?????????????????# ""##????### | | ??? #????????????????##""" """##???????? | | ?? ?????????????????#""" """##????????? | | ?? #?????????????????#""" ""#?????????? | | ?????????????????????#"" ########???# | | ?????????????????????#""" t ## ####" | | ?????????????????????#"" """" | | ?????????????????????##"" | | ??????????????????????#"""" | | ??????????????????????## | | ???????????????????????#" " | | ???????????????????????#"""" ""## # | | ???????????????????????#"" ""#### # | | ???????????????????????#" """"##??# # | | ???????????????????????#""" """#??## # | | ???????????????????????## ""##??#! | | ????????????????????????#"" """##???#" | +----------------------------------------------------+ Best States ------------- Heat Dissipation 50 Energy Generation 19 Energy Capacity 310 Matter Stores 300 Matter Capacity 300 Sight Range 16 Terrain Scan Density 10 Armor Coverage 225 Weapon Shielding 33 Evasion (%) 55 Recoil Reduction 3 Offensive Hacking 10 Item Schematics ----------------- None Robot Schematics ------------------ None Fabricated ------------ Nothing Repaired ---------- Nothing Studied --------- None Alien Tech Used ----------------- None Achievements -------------- Analysis Probe Junior Dev Not Today, Chutes Sixth Sense There's More Where That Came From Challenges ------------ None Game ------ Seed DerelictScatterBeamcaster Manual? 0 Play Time 01:16:18 Cumulative 380.7 hours Start 2025.10.22 @ 22:02:12 End 2025.10.22 @ 23:25:47 Sessions 1 Manual Loads 0 Difficulty Rogue Special Mode None Game No. 254 Rogue 254 Adventurer 0 Explorer 0 Win Type - Total 6 Types 4/0/1/0/0/0/0/1/0/0 Lore% 77 Gallery% 78 Achievement% 44 Wizard Run 0 Options --------- Layout 1 ASCII 0 Keyboard 0 Movement Numpad Keybinds 0 Fullscreen 1 Font 24/Smallcaps Map View 50x40 Zoom Use 8% Tactical HUD 1 Map Filters NONE Filters NONE Steam 1 RUN: 126e5240-9cf5-49f4-8dcd-be5d0e36c617